 Dungeon Crawl Stone Soup version 0.24-a0-584-g9d6b971 (webtiles) character file.

Game seed: 12610393604400688634, levelgen mode: deterministic

2434 Firecrotchwizard the Martial Artist (level 9, -8/47 HPs)
             Began as a Vine Stalker Transmuter on Aug 31, 2019.
             Mangled by an unseen horror (9 damage)
             ... on level 7 of the Dungeon.
             The game lasted 00:24:40 (7427 turns).

Firecrotchwizard the Martial Artist (VSTm)          Turns: 7427, Time: 00:24:41

Health: -8/47      AC:  8    Str: 13    XL:     9   Next: 49%
Magic:  0/13       EV: 13    Int: 15    God:
Gold:   328        SH:  0    Dex: 18    Spells: 9/12 levels left

rFire    . . .     SeeInvis .     - Unarmed
rCold    + . .     Gourm    .   (no shield)
rNeg     . . .     Faith    .   r - +2 robe {rF+}
rPois    .         Spirit   +   x - +2 helmet
rElec    .         Reflect  .   t - +0 cloak
rCorr    .         Harm     .   (no gloves)
MR       +....                  (boots currently unavailable)
Stlth    ++........             (no amulet)
HPRegen  0.55/turn              c - +2 ring of intelligence
MPRegen  0.13/turn              l - ring of ice {rC+, rF-}

@: appendage
A: fangs 3, talons 3, regeneration 1, magic shield, antimagic bite, no potion
heal 3, rot immunity
a: End Transformation


You were on level 7 of the Dungeon.
You were hungry.
You had grown temporary talons.
You visited 2 branches of the dungeon, and saw 8 of its levels.
You also visited: Ossuary.

You collected 468 gold pieces.
You spent 140 gold pieces at shops.

Inventory:

Missiles
 a - 81 arrows
 p - 10 curare-tipped darts
 K - 17 poisoned darts
Armour
 r - a +2 robe of fire resistance (worn)
   (You took it off a goblin on level 2 of the Dungeon)
 t - a +0 cloak (worn)
   (You found it on level 3 of the Dungeon)
 x - a +2 helmet (worn)
   (You found it on level 4 of the Dungeon)
 F - a +0 pair of boots
   (You found it on level 6 of the Dungeon)
 I - a +0 pair of boots
   (You found it on level 6 of the Dungeon)
Jewellery
 c - a +2 ring of intelligence (left hand)
   (You found it on level 1 of the Dungeon)
 l - a ring of ice (right hand) {rC+, rF-}
   (You found it on level 1 of the Dungeon)
 n - an uncursed ring of protection from magic {MR+, !d}
   (You found it on level 4 of the Dungeon)
 u - an uncursed ring of protection from fire {rF+, !d}
   (You took it off a kobold on level 3 of the Dungeon)
 C - an uncursed ring of poison resistance {rPois, !d}
   (You found it on level 4 of the Dungeon)
Wands
 o - a wand of flame (8)
   (You took it off Natasha on level 2 of the Dungeon)
 A - a wand of iceblast (18)
   (You bought it in a shop on level 4 of the Dungeon)
 D - a wand of random effects (11)
   (You took it off Duvessa on level 6 of the Dungeon)
 E - a wand of polymorph (5)
   (You found it on level 5 of the Dungeon)
 J - a wand of digging (5)
   (You found it on level 7 of the Dungeon)
Scrolls
 e - 4 scrolls of remove curse
 g - 6 scrolls of teleportation
 j - 2 scrolls of amnesia
 v - 18 scrolls of identify
 y - a scroll of fear
 B - a scroll of holy word {unknown}
 G - a scroll of summoning {unknown}
Potions
 b - a potion of agility {unknown}
 f - 3 potions of cancellation
 h - 2 potions of brilliance {unknown}
 i - a potion of ambrosia {unknown}
 k - 4 potions of mutation {unknown}
 m - 3 potions of flight {unknown}
 q - 2 potions of berserk rage {unknown}
 s - 3 potions of degeneration {unknown}
 w - 6 potions of lignification {unknown}
 z - 3 potions of curing {unknown}
 H - a potion of haste {unknown}
Comestibles
 d - 12 rations


   Skills:
 + Level 5.6 Fighting
 + Level 2.3 Dodging
 * Level 9.4 Unarmed Combat
 - Level 2.1 Spellcasting
 - Level 6.1 Transmutations


You had 9 spell levels left.
You knew the following spells:

 Your Spells              Type           Power        Failure   Level  Hunger
a - Beastly Appendage     Tmut           ###...       1%          1    #......
s - Sticks to Snakes      Tmut           ###.....     2%          2    ###....

Your spell library contained the following spells:

 Spells                   Type           Power        Failure   Level  Hunger
 Spider Form              Tmut/Pois      ##........   19%         3    ###....
 Animate Skeleton         Necr           N/A          22%         1    #......
 Apportation              Tloc           #.....       22%         1    #......
 Confusing Touch          Hex            #.....       22%         1    #......
 Corona                   Hex            #......      22%         1    #......
 Summon Small Mammal      Summ           #...         22%         1    #......
 Ensorcelled Hibernation  Hex/Ice        #.....       32%         2    ###....
 Blade Hands              Tmut           ###.......   43%         5    ######.
 Ice Form                 Ice/Tmut       ###.....     52%         4    #####..
 Confuse                  Hex            #.......     54%         3    ###....
 Dazzling Spray           Conj/Hex       #.....       54%         3    ###....
 Tukima's Dance           Hex            #.......     54%         3    ###....


Dungeon Overview and Level Annotations

Branches:
Dungeon (7/15)             Temple (1/1) D:7         Ossuary (visited)

Altars:
Ashenzari
Dithmenos
Elyvilon
Fedhas
Gozag
Hepliaklqana
Kikubaaqudgha
Makhleb
Nemelex Xobeh
Okawaru
Qazlal
Ru
Sif Muna
Trog
Uskayaw
Vehumet
Wu Jian
Xom
Yredelemnul
Zin
The Shining One

Shops:
D:4 }


Innate Abilities, Weirdness & Mutations

You have razor-sharp teeth.
Your natural rate of healing is unusually fast.
When hurt, damage is shared between your health and your magic reserves.
Your bite disrupts and absorbs the magic of your enemies.
Potions cannot restore your health.
You are immune to rotting.
You have claws for feet.


Message History

The centaur shouts!
Your feet morph into talons.
You now have 12/13 mp.
A leopard gecko comes into view.
The centaur wields a +0 shortbow.
The centaur shoots an arrow.
The arrow completely misses you.
The leopard gecko hisses angrily.
You see here an arrow.
The centaur unwields a +0 shortbow.
The centaur barely misses you.
You punch the centaur! x2; You bite the centaur.
You kill the centaur!
Things that are here:
a +0 shortbow; 7 arrows The leopard gecko bites you but does no damage.
You closely miss the leopard gecko. You bite the leopard gecko.
You kill the leopard gecko!
Something hits you.
Deactivating autopickup; reactivate with Ctrl-A.
You take 3 damage, and have 44/47 hp.
Something hits you.
Things that are here:
a +0 shortbow; 7 arrows You take 3 damage, and have 41/47 hp.
You miss something. You claw something. Something hits you.
You take 2 damage, and have 39/47 hp.
You now have 11/13 mp.
Something hits you but does no damage. Something hits you but does no damage.
Something hits you!
Things that are here:
a +0 shortbow; 7 arrows You take 7 damage, and have 32/47 hp.
You now have 9/13 mp.
Something hits you.
You take 4 damage, and have 28/47 hp.
You now have 8/13 mp.
Something hits you. Something hits you but does no damage.
You see here an arrow.
You take 3 damage, and have 25/47 hp.
You now have 6/13 mp.
You don't know that spell.
You barely miss something. You claw something! Something hits you!
You take 6 damage, and have 19/47 hp.
You now have 5/13 mp.
You closely miss something. You claw something. You bite something.
You drain its power.
You feel invigorated. Something hits you.
You take 3 damage, and have 16/47 hp.
You regained 2 mp, and now have 7/13 mp.
Okay, then.
Okay, then.
Nothing appears to happen.
Something hits you. Something hits you!
* * * LOW HITPOINT WARNING * * *
Something hits you but does no damage.
You take 6 damage, and have 10/47 hp.
You now have 5/13 mp.
As you read the scroll of teleportation, it crumbles to dust.
You feel strangely unstable. Something barely misses you.
Something hits you but does no damage. Something hits you.
* * * LOW HITPOINT WARNING * * *
You take 1 damage, and have 10/47 hp.
You now have 4/13 mp.
Your surroundings suddenly seem different.
Your transformation is almost over.
You start resting.
Your talons disappear.
You regained 2 hp, and now have 17/47 hp.
You start resting.
Some of the chunks of flesh in your inventory have rotted away.
Health restored: 47; MP restored: 13 All of the chunks of flesh in your inventory have rotted away.
You are feeling hungry.
You may need something to eat soon, looking for food.
Can't find anything matching that.
Sorry, you're not good enough to have a special ability.
You closely miss something. You punch something. You bite something.
Something hits you. x2
You take 3 damage, and have 44/47 hp.
You now have 12/13 mp.
Something hits you. x2
You take 7 damage, and have 37/47 hp.
You now have 11/13 mp.
You hit something. Your bite misses something. Something barely misses you.
You hit something but do no damage. Your punch misses something.
You bite something. You drain its power.
You feel invigorated. Something hits you.
You take 4 damage, and have 34/47 hp.
Something hits you!
You take 7 damage, and have 27/47 hp.
You now have 8/13 mp.
Your feet morph into talons.
Something hits you.
You take 4 damage, and have 23/47 hp.
You now have 6/13 mp.
Something hits you.
You take 1 damage, and have 22/47 hp.
Something hits you!
You take 5 damage, and have 17/47 hp.
You now have 4/13 mp.
You punch something! You claw something. Your bite misses something.
Something hits you!
* * * LOW HITPOINT WARNING * * *
Something barely misses you.
You take 9 damage, and have 8/47 hp.
You now have 2/13 mp.
You hit something but do no damage. You claw something. You bite something.
You drain its power.
You feel invigorated. Something hits you!
* * * LOW HITPOINT WARNING * * *
You take 6 damage, and have 2/47 hp.
You now have 1/13 mp.
You completely miss something. You claw something. Your bite misses something.
Something hits you.
* * * LOW HITPOINT WARNING * * *
You take 1 damage, and have 1/47 hp.
You now have 0/13 mp.
Something barely misses you. Something hits you!
You die...

#.......#.......#.........#
#.......#.......#.....#..##
#.......#.......#.....[.##
#.......+.......#.....###
#.......#.......#.......# #####
##.....###......###..##.#####..)#
#...............................#
+.############################..#
#.#############.@## #..#
..#.##......##.##.# #≈.#
.##.##....##...##.## #.##
.#...##.##....##...# ##.##
##.#.###....####..### #....
#.....##..##.##...#.# ##....
#.#.#÷####...##.#...## #.(...
.....).##...##.......# ##(#...
.##.##.##.####....##.## #..####


There were no monsters in sight!

Vanquished Creatures
  Duvessa (D:6)
  2 ice beasts
  A black bear (D:7)
  2 sky beasts
  3 ogres
  A centaur (D:7)
  A big kobold (D:7)
  3 bullfrogs
  Dowan (D:6)
  2 scorpions
  2 electric eels (D:7)
  2 howler monkeys
  3 crimson imps
  A centaur zombie (D:5)
  A quasit (D:7)
  A human zombie (Ossuary)
  3 orc priests
  A bullfrog skeleton (D:5)
  A hound (D:5)
  3 orc wizards
  Natasha (thrice) (D:2)
  4 worker ants
  A hound skeleton (D:6)
  Robin (D:2)
  2 mummies (Ossuary)
  10 adders
  4 gnolls (D:7)
  A shadow imp (D:7)
  An adder zombie (Ossuary)
  5 worms
  3 leopard geckos
  21 orcs
  6 bats
  8 giant cockroaches
  17 goblins
  9 hobgoblins
  15 kobolds
  3 quokkas
  5 ball pythons
  6 frilled lizards
  A gnoll zombie (Ossuary)
  3 goblin zombies (Ossuary)
  2 hobgoblin zombies (Ossuary)
  A jackal skeleton (D:4)
  An orc zombie (Ossuary)
  8 quokka zombies
  8 rats
  2 rat zombies (Ossuary)
186 creatures vanquished.

Vanquished Creatures (collateral kills)
  A scorpion (D:5)
  An iguana (D:5)
  A worker ant (D:4)
  A mummy (Ossuary)
  2 adders
  A hobgoblin (D:7)
7 creatures vanquished.

Vanquished Creatures (others)
  2 plants (D:2)
2 creatures vanquished.

Grand Total: 195 creatures vanquished

Notes
Turn   | Place    | Note
-------+----------+-------------------------------------------
     0 | D:1      | Firecrotchwizard the Vine Stalker Transmuter began the
                  | quest for the Orb.
     0 | D:1      | Reached XP level 1. HP: 9/9 MP: 4/4
   170 | D:1      | Reached skill level 1 in Fighting
   440 | D:1      | Reached XP level 2. HP: 14/14 MP: 4/6
   567 | D:1      | Learned a level 2 spell: Sticks to Snakes
  1421 | D:2      | Noticed Robin
  1503 | D:2      | Reached XP level 3. HP: 17/18 MP: 7/7
  1517 | D:2      | Killed Robin
  1517 | D:2      | HP: 4/18 [goblin/+0 dagger[Robin] (4)]
  1524 | D:2      | HP: 3/18 [goblin/+0 dagger[Robin] (1)]
  1539 | D:2      | HP: 3/18 [goblin/cursed -3 club[Robin] (1)]
  1826 | D:2      | Reached skill level 4 in Unarmed Combat
  1826 | D:2      | Gained mutation: Your natural rate of healing is unusually
                  | fast. [Vine Stalker growth]
  1826 | D:2      | Reached XP level 4. HP: 21/23 MP: 3/8
  1919 | D:2      | Noticed Natasha
  1926 | D:2      | HP: 4/23 [Natasha (9)]
  1928 | D:2      | Killed Natasha
  1928 | D:2      | Reached skill level 2 in Fighting
  2165 | D:2      | Noticed Natasha
  2193 | D:2      | HP: 5/23 [Natasha (2)]
  2194 | D:2      | Killed Natasha
  2194 | D:2      | Reached skill level 3 in Transmutations
  2194 | D:2      | Reached XP level 5. HP: 6/26 MP: 1/9
  2199 | D:2      | HP: 6/26 [poisoned by an adder]
  2874 | D:2      | Noticed Natasha
  2901 | D:2      | Killed Natasha
  3025 | D:3      | Found a stormy altar of Qazlal.
  3372 | D:3      | Reached skill level 5 in Unarmed Combat
  3552 | D:4      | Reached XP level 6. HP: 30/32 MP: 6/10
  3904 | D:4      | Found a hazy altar of Hepliaklqana.
  3977 | D:4      | Found a sand-covered staircase.
  3981 | D:4      | Found Fiexuv's Gadget Emporium.
  3985 | Ossuary  | Entered an ossuary
  3991 | Ossuary  | Reached skill level 3 in Fighting
  4067 | Ossuary  | Reached skill level 4 in Transmutations
  4067 | Ossuary  | Reached XP level 7. HP: 36/36 MP: 11/11
  4185 | D:4      | Bought a wand of iceblast (6) for 140 gold pieces
  4297 | D:4      | Found a shattered altar of Ashenzari.
  4409 | D:5      | Entered Level 5 of the Dungeon
  4449 | D:5      | Reached skill level 6 in Unarmed Combat
  5411 | D:6      | Reached skill level 7 in Unarmed Combat
  5411 | D:6      | Gained mutation: You have razor-sharp teeth. [Vine Stalker
                  | growth]
  5411 | D:6      | Reached XP level 8. HP: 19/42 MP: 9/12
  5475 | D:6      | Reached skill level 4 in Fighting
  5691 | D:6      | Reached skill level 5 in Transmutations
  5694 | D:6      | Noticed Dowan
  5697 | D:6      | Noticed Duvessa
  5702 | D:6      | Killed Dowan
  5711 | D:6      | HP: 7/42 [Duvessa/+0 short sword (6)]
  5713 | D:6      | Killed Duvessa
  6125 | D:6      | Reached skill level 8 in Unarmed Combat
  6331 | D:7      | Found a glowing silver altar of Zin.
  6355 | D:7      | Found a shimmering blue altar of Sif Muna.
  6460 | D:7      | Reached XP level 9. HP: 37/46 MP: 11/13
  6473 | D:7      | Reached skill level 5 in Fighting
  6490 | D:7      | Reached skill level 6 in Transmutations
  6580 | D:7      | Found a radiant altar of Vehumet.
  6748 | D:7      | Reached skill level 9 in Unarmed Combat
  6802 | D:7      | Found a staircase to the Ecumenical Temple.
  6823 | Temple   | Entered the Ecumenical Temple
  7131 | D:7      | Reached skill level 2 in Dodging
  7301 | D:7      | HP: 10/47 [something (6)]
  7424 | D:7      | HP: 8/47 [something (10)]
  7425 | D:7      | HP: 2/47 [something (6)]
  7427 | D:7      | Mangled by an unseen horror

Levels and vault maps discovered:
D:1:      saegor_arrival_simple_e, layout_basic, chequers_serial_rivers_room_a
D:2:      layout_loops_ring, serial_forest, infiniplex_forest_straight_4,
          infiniplex_forest_end_2, infiniplex_forest_clump_small,
          infiniplex_forest_clump_medium, infiniplex_forest_clump_double,
          infiniplex_forest_corner_1, infiniplex_forest_clump_curved,
          infiniplex_forest_lined_3, hangedman_abyss_or_decor_lesser_grid,
          uniq_natasha, uniq_robin
D:3:      layout_basic, nicolae_qazlal_general_emergency
D:4:      layout_rooms, lemuel_coloured_pillars_altar, kennysheep_little_box,
          nicolae_ossuary_entry_ruins, serial_shops, shop
D:5:      layout_basic, first_ration
D:6:      layout_basic, uniq_duvessa
D:7:      minmay_the_grid_triangle_9x9_rhombus_full
          [minmay_the_grid_triangle_9x9_descending_squares,
          minmay_the_grid_triangle_9x9_odd_lines,
          minmay_the_grid_triangle_9x9_wacky_v,
          minmay_the_grid_triangle_9x9_alien,
          minmay_the_grid_triangle_9x9_corrupted_corridor,
          minmay_the_grid_triangle_9x9_warning,
          minmay_the_grid_triangle_9x9_swiss_cheese,
          minmay_the_grid_triangle_9x9_prize_center], layout_gridville,
          zin_treasury, vehumet_altar_wand_db, lemuel_crystal_altar,
          minmay_temple_entry_proselytizer, water_boxes_lemuel
Temple:   nicolae_temple_elliptical

Skill      XL: |  1  2  3  4  5  6  7  8  9 |
---------------+----------------------------+-----
Fighting       | 1 2 3 4 5 |  5.6
Unarmed Combat | 4 5 7 8 9 |  9.4
Transmutations | 3 4 5 6 |  6.1
Dodging        | 2 |  2.3
Spellcasting   | |  2.1

Action                   |  1- 3 |  4- 6 |  7- 9 || total
-------------------------+-------+-------+-------++-------
Melee: Unarmed           |   107 |   332 |   276 ||   715
       Bite              |    21 |   109 |    88 ||   218
       Headbutt          |     6 |     1 |       ||     7
       Kick              |     2 |    26 |    52 ||    80
       Punch             |       |     5 |    10 ||    15
 Cast: Beastly Appendage |     7 |    14 |    18 ||    39
       Sticks to Snakes  |     1 |    10 |     9 ||    20
Evoke: Wand              |       |       |    11 ||    11
  Use: Scroll            |       |     7 |     4 ||    11
 Stab: Sleeping          |     1 |       |     1 ||     2
       Distracted        |       |     1 |     2 ||     3
  Eat: Chunk             |     3 |     5 |     8 ||    16
       Ration            |       |     1 |     1 ||     2
Armor: Robe              |    11 |    73 |    93 ||   177
Dodge: Dodged            |    58 |   151 |   128 ||   337

Table legend:
 A = Non-vault XP
 B = Vault XP
 C = Vault XP percentage of total XP
 D = Non-vault monster count
 E = Vault monster count
 F = Vault count percentage of total count
                 A         B        C        D         E       F
            +---------+---------+-------+---------+---------+-------
      Total |    2518 |     960 |  27.6 |     145 |      48 |  24.9
            +---------+---------+-------+---------+---------+-------
        D:1 |      30 |       0 |   0.0 |      21 |       0 |   0.0
        D:2 |     132 |      74 |  35.9 |      28 |      14 |  33.3
        D:3 |      67 |       0 |   0.0 |      19 |       0 |   0.0
        D:4 |     250 |       0 |   0.0 |      18 |       0 |   0.0
        D:5 |     447 |       0 |   0.0 |      17 |       0 |   0.0
        D:6 |     785 |     211 |  21.2 |      21 |       2 |   8.7
        D:7 |     807 |     560 |  41.0 |      21 |      11 |  34.4
    Ossuary |       0 |     115 | 100.0 |       0 |      21 | 100.0
            +---------+---------+-------+---------+---------+-------

Levels and vault maps discovered:
D:1:      saegor_arrival_simple_e, layout_basic, chequers_serial_rivers_room_a
D:2:      layout_loops_ring, serial_forest, infiniplex_forest_straight_4,
          infiniplex_forest_end_2, infiniplex_forest_clump_small,
          infiniplex_forest_clump_medium, infiniplex_forest_clump_double,
          infiniplex_forest_corner_1, infiniplex_forest_clump_curved,
          infiniplex_forest_lined_3, hangedman_abyss_or_decor_lesser_grid,
          uniq_natasha, uniq_robin
D:3:      layout_basic, nicolae_qazlal_general_emergency
D:4:      layout_rooms, lemuel_coloured_pillars_altar, kennysheep_little_box,
          nicolae_ossuary_entry_ruins, serial_shops, shop
D:5:      layout_basic, first_ration
D:6:      layout_basic, uniq_duvessa
D:7:      minmay_the_grid_triangle_9x9_rhombus_full
          [minmay_the_grid_triangle_9x9_descending_squares,
          minmay_the_grid_triangle_9x9_odd_lines,
          minmay_the_grid_triangle_9x9_wacky_v,
          minmay_the_grid_triangle_9x9_alien,
          minmay_the_grid_triangle_9x9_corrupted_corridor,
          minmay_the_grid_triangle_9x9_warning,
          minmay_the_grid_triangle_9x9_swiss_cheese,
          minmay_the_grid_triangle_9x9_prize_center], layout_gridville,
          zin_treasury, vehumet_altar_wand_db, lemuel_crystal_altar,
          minmay_temple_entry_proselytizer, water_boxes_lemuel
Temple:   nicolae_temple_elliptical

Table legend:
 A = Turns spent in this place as a percentage of turns spent in the entire game.
 B = Non-inter-level travel turns spent in this place as a percentage of non-inter-level travel turns spent in the entire game.
 C = Inter-level travel turns spent in this place as a percentage of turns spent in this place.
 D = Turns resting spent in this place as a percentage of non-inter-level travel turns spent in this place.
 E = Turns spent auto-exploring this place as a percentage of non-inter-level travel turns spent in this place.
 F = Non-inter-level travel turns spent in this place divided by the number of levels of this place that you've seen.
                   A       B       C       D       E      F
               +-------+-------+-------+-------+-------+----------------------
         Total | 100.0 | 100.0 |   2.7 |  20.1 |  54.7 | 802.7
       Dungeon |  95.2 |  95.4 |   2.5 |  20.6 |  54.7 | 984.1
        Temple |   2.3 |   2.0 |  13.6 |   0.0 |  85.6 | 146.0
       Ossuary |   2.5 |   2.6 |   0.0 |  16.9 |  30.7 | 189.0
               +-------+-------+-------+-------+-------+----------------------

Table legend:
 A = Kills in this place as a percentage of kills in entire the game.
 B = Kills by you in this place as a percentage of kills by you in the entire game.
 C = Kills by friends in this place as a percentage of kills by friends in the entire game.
 D = Other kills in this place as a percentage of other kills in the entire game.
 E = Experience gained in this place as a percentage of experience gained in the entire game.
 F = Experience gained in this place divided by the number of levels of this place that you have seen.
                   A       B       C       D       E      F
               +-------+-------+-------+-------+-------+----------------------
         Total | 100.0 | 100.0 | 100.0 |   N/A | 100.0 | 386.4
       Dungeon |  89.1 |  89.2 |  85.7 |   N/A |  96.7 | 480.4
       Ossuary |  10.9 |  10.8 |  14.3 |   N/A |   3.3 | 115.0
               +-------+-------+-------+-------+-------+----------------------
